Map: Cyber Forest LE

Players

MaSa - Winner!

  • Race: Terran Terran
  • League: Master
  • Spawn Location: 11:00

Astrea

  • Race: Protoss Protoss
  • League: Grandmaster
  • Spawn Location: 5:00

Event: 2019 WCS Winter Americas

VOD

Have the link to the VOD?

Description

Time

  • Played on: Feb. 8, 2019, 1:25 p.m.
  • Length: 13:43

All games in this series

Show
View Real Time Build Order
Export as new Build Order

MaSa Terran - Winner!

Build Orders: Gas First Reaper Expand 

Get SALT Encoding   

  12  0:00  SCV  
  13  0:12  SCV  
  14  0:17  Supply Depot  
  14  0:24  SCV  
  14  0:27  Refinery  
  15  0:38  SCV  
  16  0:44  Barracks  
  16  0:50  SCV  
  17  1:02  SCV  
  18  1:15  SCV  
  19  1:31  Reaper, Orbital Command  
  20  1:46  Command Center  
  20  1:57  SCV  
  20  2:00  Factory  
  21  2:05  Barracks Reactor  
  21  2:09  SCV  
  21  2:14  Supply Depot  
  22  2:20  Refinery  
  22  2:21  SCV  
  23  2:36  SCV  
  24  2:45  Starport  
  24  2:48  Barracks Tech Lab  
  24  2:50  SCV, Hellion x2  
  29  2:59  Orbital Command  
  29  3:02  SCV  
  30  3:11  Hellion  
  34  3:13  Hellion  
  34  3:15  Marine  
  34  3:16  SCV  
  36  3:22  Medivac  
  36  3:25  SCV  
  38  3:35  SCV  
  38  3:38  SCV  
  38  3:40  Cyclone, Marine x2  
  45  3:47  Bunker  
  45  3:49  SCV, Supply Depot  
  46  3:59  Starport Tech Lab  
  46  4:05  Supply Depot  
  46  4:10  Marine x2  
  46  4:11  SCV x2  
  48  4:23  SCV x2  
  48  4:24  Siege Tank  
  51  4:28  Marine x2  
  51  4:29  Cloaking Field  
  53  4:33  Banshee  
  53  4:35  SCV x2  
  58  4:46  Marine x2  
  58  4:47  SCV x2  
  58  4:56  Siege Tank  
  58  4:59  SCV  
  62  5:04  Refinery  
  62  5:05  Supply Depot  
  62  5:12  Barracks  
  62  5:14  Barracks  
  62  5:23  Supply Depot  
  62  5:26  SCV x2, Banshee, Marine x2  
  69  5:38  SCV  
  69  5:39  Refinery  
  70  5:45  SCV  
  70  5:47  Command Center  
  71  5:50  SCV  
  71  5:52  Factory Reactor  
  71  5:56  Starport  
  72  5:57  SCV  
  72  5:58  Marine x2  
  72  6:03  SCV, Barracks Tech Lab  
  76  6:04  Barracks  
  76  6:05  Barracks  
  76  6:07  Engineering Bay  
  76  6:09  SCV, Engineering Bay  
  77  6:20  Marine, Supply Depot  
  77  6:24  Stimpack  
  78  6:41  Banshee, Marine x3  
  78  6:42  SCV x2  
  86  6:48  Terran Infantry Weapons Level 1, Supply Depot  
  86  6:50  Marine  
  86  6:51  Terran Infantry Armor Level 1  
  86  6:54  SCV x2, Barracks Reactor  
  89  6:55  Barracks Tech Lab  
  89  6:56  Medivac  
  89  6:57  Supply Depot  
  89  6:58  Factory Reactor  
  89  6:59  Medivac  
  89  7:00  Marauder  
  96  7:03  Marine  
  96  7:04  Marine  
  96  7:08  Combat Shield, Marine  
  97  7:11  Orbital Command  
  97  7:14  SCV  
  99  7:18  SCV  
  99  7:20  Marauder  
  99  7:21  Marauder  
  101  7:26  Banshee  
  101  7:28  Marauder  
  101  7:29  Concussive Shells  
  106  7:30  SCV  
  106  7:34  Orbital Command  
  107  7:37  Missile Turret  
  107  7:38  SCV  
  107  7:42  SCV, Marine x2  
  107  7:43  Marauder  
  113  7:45  Missile Turret  
  113  7:46  Widow Mine  
  113  7:49  Widow Mine  
  113  7:50  SCV  
  118  7:53  Armory  
  118  7:59  Medivac  
  118  8:01  SCV  
  121  8:06  Missile Turret, Refinery  
  121  8:07  Refinery  
  121  8:11  Supply Depot  
  121  8:12  SCV x2  
  123  8:13  SCV, Supply Depot  
  124  8:22  Supply Depot  
  124  8:24  SCV  
  124  8:26  Supply Depot  
  125  8:32  Marine  
  125  8:33  SCV x2, Marauder x2  
  132  8:35  Widow Mine x2  
  132  8:36  SCV  
  132  8:38  Marauder, Marine  
  132  8:41  Medivac x2  
  141  8:45  SCV x2  
  141  8:46  Marine  
  141  8:48  SCV  
  141  8:50  Ghost Academy  
  141  8:53  Banshee  
  141  8:54  Marauder  
  144  8:57  SCV  
  144  8:58  Widow Mine x2  
  144  9:01  Supply Depot  
  149  9:03  Supply Depot  
  149  9:07  Supply Depot  
  149  9:09  Marine x4  
  155  9:12  SCV x2  
  157  9:19  Terran Infantry Weapons Level 2  
  157  9:22  SCV, Terran Infantry Armor Level 2  
  159  9:28  Marine  
  159  9:31  Ghost x2  
  157  9:37  Medivac  
  140  9:45  Marine x2  
  140  9:46  Marauder, Marine  
  140  9:48  Marine  
  140  9:51  Widow Mine x2  
  139  9:57  Medivac  
  134  10:00  Marauder x2  
  134  10:03  Marine x3  
  134  10:05  Marine  
  142  10:07  Marauder, Medivac  
  142  10:12  Widow Mine  
  143  10:16  Widow Mine  
  143  10:20  Barracks  
  143  10:21  Marauder, Barracks, Marine  
  145  10:22  Barracks  
  151  10:31  Marine  
  151  10:32  Marauder  
  151  10:34  Marine x2  
  151  10:35  Marauder, Command Center  
  158  10:38  Medivac x2  
  162  10:51  Marine x3  
  162  10:52  Ghost, Marine  
  162  10:53  Widow Mine x2  
  162  10:55  Ghost  
  169  11:08  Marine  
  169  11:10  Marauder, Marine x2  
  176  11:14  Supply Depot  
  176  11:16  Marine  
  171  11:18  Barracks Tech Lab x2  
  171  11:19  Widow Mine, Barracks Tech Lab  
  171  11:20  Medivac, Widow Mine  
  173  11:42  Marine  
  173  11:43  Ghost  
  173  11:46  Ghost, Marine x3  
  184  11:47  Marauder, Widow Mine x2  
  184  11:49  Marauder, Marine x2  
  187  11:58  SCV x2  
  187  11:59  SCV, Marine  
  187  12:04  Marine x3  
  187  12:07  Marauder x2, Ghost  
  187  12:08  Supply Depot  
  186  12:10  SCV x2, Marine  
  186  12:13  Marauder  
  186  12:15  Marine  
  159  12:17  Marine  
  159  12:22  SCV, Marine x3  
  161  12:24  SCV  
  161  12:28  Marine  
  161  12:29  Marauder x2  
  160  12:31  SCV  
  160  12:32  Marine  
  160  12:34  Marine  
  160  12:36  SCV  
  161  12:43  Orbital Command  
  159  12:45  SCV  
  159  12:48  SCV  
  159  12:49  SCV  
  159  12:51  Marauder  
  164  12:52  Medivac  
  164  12:54  Medivac  
  164  12:57  Widow Mine  
  170  12:59  Marine  
  171  13:12  Marauder, Marine x5  
  167  13:13  Marauder x2  
  167  13:20  Widow Mine  
  167  13:21  SCV x2  
Show
View Real Time Build Order
Export as new Build Order

Astrea Protoss 

Build Orders: 1 Gate Expand, Blink Stalkers 

Get SALT Encoding   

  12  0:00  Probe  
  13  0:12  Probe  
  14  0:17  Pylon  
  14  0:24  Probe  
  15  0:32  Probe  
  15  0:38  Gateway  
  15  0:40  Probe  
  16  0:48  Assimilator  
  17  0:51  Probe  
  18  1:03  Probe  
  19  1:15  Probe  
  20  1:24  Nexus  
  20  1:33  Cybernetics Core  
  20  1:37  Probe  
  21  1:44  Assimilator  
  21  1:50  Probe  
  22  1:55  Pylon  
  22  2:02  Probe  
  22  2:04  Adept  
  23  2:12  Warp Gate  
  23  2:14  Probe  
  26  2:26  Sentry, Probe  
  27  2:33  Probe  
  29  2:39  Probe  
  29  2:41  Probe, Twilight Council  
  31  2:48  Blink  
  31  2:50  Stalker  
  31  2:51  Probe x2  
  36  3:03  Probe x2  
  38  3:08  Gateway  
  38  3:09  Gateway  
  38  3:15  Probe x2  
  40  3:22  Stalker  
  42  3:27  Probe x2  
  44  3:35  Pylon  
  44  3:40  Probe, Robotics Facility  
  45  3:43  Probe  
  46  3:53  Probe  
  46  3:55  Probe  
  48  3:59  Pylon  
  48  4:02  Stalker x2  
  50  4:05  Stalker  
  50  4:07  Probe x2  
  54  4:13  Assimilator  
  50  4:19  Probe  
  50  4:20  Probe  
  50  4:31  Probe  
  50  4:32  Probe  
  47  4:43  Probe  
  47  4:44  Probe  
  44  4:55  Probe  
  44  4:56  Probe  
  46  5:03  Nexus  
  46  5:04  Forge  
  46  5:07  Probe  
  46  5:08  Probe  
  48  5:15  Probe  
  48  5:20  Probe, Pylon  
  50  5:23  Charge, Probe  
  50  5:25  Forge  
  50  5:28  Protoss Ground Armor Level 1  
  51  5:33  Observer, Probe  
  51  5:34  Probe  
  54  5:39  Protoss Ground Weapons Level 1  
  54  5:45  Probe  
  54  5:46  Probe  
  56  5:51  Gateway  
  56  5:54  Gateway  
  56  5:55  Gateway  
  56  5:57  Probe  
  56  5:58  Probe  
  56  6:02  Observer  
  59  6:09  Probe  
  59  6:10  Probe  
  61  6:13  Pylon  
  61  6:20  Probe, Gateway  
  61  6:21  Probe, Gateway  
  61  6:22  Probe  
  64  6:27  Observer  
  64  6:32  Probe  
  62  6:33  Probe  
  62  6:34  Stalker, Probe  
  62  6:35  Stalker x2  
  64  6:44  Probe  
  64  6:45  Probe  
  64  6:46  Probe  
  66  6:54  Probe  
  66  6:56  Probe  
  66  6:57  Probe  
  69  7:02  Probe  
  70  7:08  Probe  
  70  7:10  Protoss Ground Armor Level 2  
  70  7:11  Nexus  
  70  7:13  Pylon  
  71  7:17  Probe  
  71  7:20  Probe  
  69  7:23  Probe  
  69  7:25  Probe  
  69  7:28  Probe, Protoss Ground Weapons Level 2  
  72  7:34  Probe  
  72  7:35  Probe  
  72  7:36  Observer  
  74  7:37  Gateway  
  74  7:38  Sentry, Gateway  
  74  7:41  Probe, Gateway  
  78  7:44  Probe  
  78  7:47  Probe  
  80  7:56  Probe x2  
  82  7:59  Probe  
  83  8:05  Zealot  
  83  8:06  Zealot x5  
  83  8:08  Probe x2  
  83  8:11  Probe  
  98  8:13  Zealot  
  98  8:18  Pylon  
  98  8:19  Pylon  
  99  8:20  Probe  
  99  8:25  Zealot  
  99  8:26  Zealot x5  
  112  8:28  Probe  
  112  8:33  Pylon  
  111  8:39  Pylon  
  107  8:43  Zealot x5  
  113  8:50  Probe  
  113  8:51  Probe x3  
  117  8:59  Zealot x6  
  129  9:07  Zealot x2  
  129  9:08  Zealot x3  
  139  9:15  Probe x2  
  143  9:21  Zealot x2  
  145  9:25  Pylon x2  
  139  9:41  Zealot x5  
  139  9:42  Protoss Ground Weapons Level 3  
  148  9:45  Stalker x2  
  148  9:46  Stalker x3  
  148  9:49  Protoss Ground Armor Level 3  
  148  9:52  Zealot  
  154  9:59  Probe x4  
  158  10:02  Observer  
  157  10:07  Observer  
  157  10:13  Pylon  
  157  10:17  Pylon  
  157  10:18  Pylon  
  157  10:21  Pylon  
  157  10:27  Warp Prism  
  157  10:33  Pylon  
  157  10:34  Pylon  
  157  10:35  Probe  
  160  10:38  Stalker x3  
  160  10:39  Stalker x3  
  160  10:42  Zealot  
  174  10:43  Zealot  
  176  10:51  Photon Cannon, Warp Prism  
  176  10:59  Observer  
  178  11:10  Zealot x6  
  178  11:11  Zealot x3  
  195  11:13  Observer  
  186  11:30  Zealot x2  
  186  11:31  Zealot x2  
  176  11:59  Zealot x10  
  176  12:00  Zealot  
  178  12:04  Robotics Bay  
  94  12:30  Zealot x3  
  94  12:31  Zealot x8  
  112  12:44  Disruptor  
  112  12:49  Assimilator  
  112  12:51  Zealot  
  112  12:52  Zealot x10  
  132  13:12  Zealot x3  
  92  13:13  Zealot x8  
  92  13:18  Assimilator  
  92  13:19  Assimilator  
  96  13:27  Nexus  
  86  13:35  Zealot x2  
  86  13:36  Zealot x9  
Tags
 
Add a new tag
Caveats
  • Supply blocks, unpowered buildings, or Contaminate may cause inaccurate times.
  • Supply counts are checked every 10 seconds.